AoeStats
← TheQuietRiot

Arabia

508452620Analyzed
1v1 RM · 9d ago on Sep 22, 2026· 56m 45s· 2 players
Game mode
Random Map
Map size
Tiny (2 player)
Population
200
Speed
Normal
Resources
Standard
Victory
Conquest
Starting age
Dark Age
Ending age
Imperial Age
RankedLock teamsTeams togetherTeam positionsShared explorationLock speedFull tech treeHidden civsTurbo modeCheats
Victory
Defeat
🇬🇧 Britons · United Kingdom
938
+16
🇩🇰 Saracens · Denmark
934
-16
Trailblazer88
7:20 Loom
7:26 Loom
11:15 Feudal Age
16:57 Castle Age
15:10 Double-Bit Axe
15:11 Horse Collar
18:10 Bow Saw
21:28 Heavy Plow
21:40 Town Watch
23:24 Fletching
24:57 Wheelbarrow
25:38 Bodkin Arrow
29:29 Padded Archer Armor
32:36 Imperial Age
30:28 Hand Cart
31:16 Elite Skirmisher
33:40 Bracer
33:48 Scale Barding Armor
33:55 Forging
33:46 Scale Mail Armor
34:38 Ballistics
35:21 Chemistry
34:30 Thumb Ring
36:04 Chain Barding Armor
36:17 Elite Mameluke
38:16 Elite Mameluke
41:12 Leather Archer Armor
45:16 Ring Archer Armor
TheQuietRiot
9:46 Feudal Age
8:01 Loom
10:14 Double-Bit Axe
12:54 Horse Collar
18:28 Castle Age
17:09 Gold Mining
20:25 Stone Mining
21:11 Gold Shaft Mining
20:52 Bow Saw
20:45 Heavy Plow
22:26 Wheelbarrow
22:43 Fletching
25:02 Husbandry
28:27 Hand Cart
28:01 Town Watch
28:32 Squires
27:53 Pikeman
28:18 Gambesons
29:49 Bodkin Arrow
29:54 Padded Archer Armor
30:09 Forging
29:59 Scale Mail Armor
29:47 Arson
30:13 Man-at-Arms
31:11 Town Patrol
32:18 Long Swordsman
35:55 Imperial Age
37:20 Bracer
37:01 Halberdier
37:51 Elite Longbowman
38:22 Light Cavalry
39:40 Iron Casting
39:11 Scale Barding Armor
39:22 Leather Archer Armor
39:34 Ballistics
40:15 Chemistry
39:26 Masonry
43:00 Conscription
42:41 Warwolf
44:05 Yeomen
48:27 Blast Furnace
47:43 Chain Mail Armor
47:48 Chain Barding Armor
47:59 Ring Archer Armor
48:04 Architecture
47:40 Siege Engineers
53:07 Two-Handed Swordsman
54:26 Plate Mail Armor
54:32 Plate Barding Armor
54:08 Champion
Connection lost

Rejoining the realm…

Still unreachable

The connection could not be restored.

Session expired

The server has moved on; the page needs a fresh start.